 Dungeon Crawl Stone Soup version 0.31-a0-1178-gc5c9b8f871 (webtiles) character file.

Game seed: 15972343239955968815

56 freelancePsychic the Chiller (level 3, 0/26 HPs)
             Began as a Demonspawn Ice Elementalist on Dec 11, 2023.
             Succumbed to a kobold's poison
             ... on level 2 of the Dungeon.
             The game lasted 00:02:08 (792 turns).

freelancePsychic the Chiller (DsIE)                  Turns: 792, Time: 00:02:08

Health: 0/26       AC:  2    Str:  8    XL:     3   Next: 69%
Magic:  2/6        EV: 12    Int: 17    God:
Gold:   75         SH:  0    Dex: 13    Spells: 6/7 levels left

rFire   . . .        b - +0 dagger
rCold   . . .        (no shield)
rNeg    . . .        a - +0 robe
rPois   .            (no helmet)
rElec   .            (no cloak)
rCorr   .            (no gloves)
SInv    .            (no boots)
Will    .....        (no amulet)
Stlth   ++           (no ring)
HPRegen 0.24/turn    (no ring)
MPRegen 0.10/turn

%: no passive effects
@: lethally poisoned (0 -> -2)
A: demonic magic 1
a: no special abilities


You were on level 2 of the Dungeon.
You visited 1 branch of the dungeon, and saw 2 of its levels.

You collected 75 gold pieces.

Inventory:

Hand Weapons
 b - a +0 dagger (weapon)
Armour
 a - a +0 robe (worn)
Jewellery
 d - a ring of protection from fire


   Skills:
 + Level 1.4 Fighting
 - Level 1.7 Dodging
 - Level 1.7 Stealth
 + Level 2.5 Spellcasting
 * Level 4.3 Ice Magic


You had 6 spell levels left.
You knew the following spells:

 Your Spells              Type           Power      Damage    Failure   Level
a - Freeze                Ice            64%        1d7       3%          1

Your spell library contained the following spells:

 Spells                   Type           Power      Damage    Failure   Level
 Frozen Ramparts          Ice            32%        1d5       10%         3
 Ozocubu's Armour         Ice            16%        N/A       10%         3
 Summon Ice Beast         Ice/Summ       9%         N/A       58%         4
 Chain Lightning          Conj/Air       1%         3d1       100%        9
 Fire Storm               Conj/Fire      1%         7d1       100%        9
 Shatter                  Erth           1%         3d5*      100%        9


Dungeon Overview and Level Annotations

Branches:
Dungeon (2/15)

Altars:


Innate Abilities, Weirdness & Mutations

Spells you cast may paralyse adjacent enemies.


Message History

You feel sick.
Aiming: Freeze (safe; 3% risk of failure)
Press: ? - help, Q - select action Shift-Dir - straight line, f - endoplasm
Aim: an endoplasm (asleep)
You freeze the endoplasm.
The endoplasm quivers.
The endoplasm is moderately wounded.
Malevolent energies surge around you.
The endoplasm suddenly stops moving!
* * * LOW HITPOINT WARNING * * *
You feel sick.
The helpless endoplasm fails to defend itself.
You puncture the endoplasm!
You kill the endoplasm!
* * * LOW HITPOINT WARNING * * *
You feel sick.
Aiming: Freeze (safe; 3% risk of failure)
Press: ? - help, Q - select action Shift-Dir - straight line, f - adder
Aim: an adder You freeze the adder.
The adder is heavily wounded.
The adder seems to slow down.
Malevolent energies surge around you.
The adder suddenly stops moving!
* * * LOW HITPOINT WARNING * * *
You feel sick.
Aiming: Freeze (safe; 3% risk of failure)
Press: ? - help, Q - select action Shift-Dir - straight line, f/p - adder
Aim: an adder (heavily wounded, paralysed)
You freeze the adder.
The adder is severely wounded.
Malevolent energies surge around you.
* * * LOW HITPOINT WARNING * * *
You feel sick.
The helpless adder fails to defend itself.
You hit the adder.
You kill the adder!
* * * LOW HITPOINT WARNING * * *
You feel sick.
There is a lethal amount of poison in your body!
You die...

....#........
###..............# .$.
#####.........#..# .....
.................# .....
#####............#......
....'............#......
#####...................
.........###+#...#......
#####....###.#.†@.......
...........#.#.)....####
.######........(....#
######.##.....#
#.##.....# #..#.......
#.##.##..... #.....
..... ##. .. ...


There were no monsters in sight!

Vanquished Creatures
  2 adders (D:2)
  A dart slug (D:1)
  2 ball pythons (D:1)
  3 endoplasms
  A giant cockroach (D:2)
  4 goblins (D:1)
  5 hobgoblins
  3 jackals (D:1)
  A quokka (D:1)
  3 bats (D:1)
  5 kobolds
  3 rats
33 creatures vanquished.

Notes
Turn   | Place    | Note
-------+----------+-------------------------------------------
     0 | D:1      | freelancePsychic the Demonspawn Ice Elementalist began the
                  | quest for the Orb.
     0 | D:1      | Reached XP level 1. HP: 13/13 MP: 3/3
   191 | D:1      | Gained mutation: Spells you cast may paralyse adjacent
                  | enemies. [demonic ancestry]
   191 | D:1      | Reached XP level 2. HP: 15/20 MP: 1/5
   276 | D:1      | Reached skill level 4 in Ice Magic
   280 | D:1      | Reached skill level 1 in Fighting
   383 | D:1      | Reached XP level 3. HP: 26/26 MP: 3/6
   436 | D:1      | Found a faded altar of an unknown god.
   790 | D:2      | HP: 1/26 [poisoned by a kobold]
   792 | D:2      | Succumbed to a kobold's poison

Illustrated notes

Levels and vault maps discovered:
D:1:      spicycebolla_arrival_clurvy, layout_rooms,
          dreamdust_ecumenical_altar_angels_and_demons
D:2:      minmay_recursive_quarters, layout_basic, minmay_goblin_outpost

Skill      XL: |  1  2 |
---------------+-------+-----
Ice Magic      | 4 |  4.3
Fighting       | 1 |  1.4
Dodging        | |  1.7
Stealth        | |  1.7
Spellcasting   | |  2.5

Action                     || total
---------------------------++-------
  Melee: Unarmed           ||     3
         Dagger            ||    43
   Cast: Freeze            ||    33
    Use: Potion            ||     1
         Scroll            ||     1
   Stab: Paralysed         ||     8
         Sleeping          ||     3
 Armour: Robe              ||    26
  Dodge: Dodged            ||    32

Table legend: (Time is in decaauts)
 A = Elapsed time spent in this place.
 B = Non-inter-level travel time spent in this place.
 C = Inter-level travel time spent in this place.
 D = Time resting spent in this place.
 E = Time spent auto-exploring this place.
 F = Levels seen in this place.
 G = Mean time per level.
                   A        B        C        D        E       F      G
               +--------+--------+--------+--------+--------+-----+--------+
         Total |    791 |    776 |     15 |      0 |    587 |   2 |  395.5 |
       Dungeon |    791 |    776 |     15 |      0 |    587 |   2 |  395.5 |
               +--------+--------+--------+--------+--------+-----+--------+

Top non-repeatable levels by time:
     D:1: 640 daAuts
     D:2: 150 daAuts
